 Dungeon Crawl Stone Soup version 0.31-a0-479-g91c9547826 (webtiles) character file.

Game seed: 4092212809422513869

1423 Ethylacetat the Chopper (level 8, -2/44 HPs)
             Began as a Vine Stalker Monk on Aug 7, 2023.
             Slain by an ogre
             ... wielding the +9 great mace of Hypy {flame, Fly}
              (15 damage)
             ... on level 6 of the Dungeon.
             The game lasted 00:11:38 (4154 turns).

Ethylacetat the Chopper (Vine Stalker Monk)         Turns: 4154, Time: 00:11:45

Health: -2/44      AC: 13    Str: 22    XL:     8   Next: 72%
Magic:  0/16       EV:  9    Int:  8    God:
Gold:   66         SH:  0    Dex: 17    Spells: 17/17 levels left

rFire   . . .        j - +2 long sword (protect)
rCold   . . .        d - orb {light}
rNeg    . . .        A - +4 chain mail
rPois   +            (no helmet)
rElec   .            b - +0 cloak
rCorr   .            (no gloves)
SInv    .            (no boots)
Will    +....        (no amulet) Stlth
                     t - ring of poison resistance
HPRegen 1.07/turn    B - +6 ring of strength
MPRegen 0.15/turn

%: guardian spirit
@: glowing
A: fangs 3, regeneration 1, magic shield, antimagic bite, no potion heal 2,
hooves 1, dopey 1
a: no special abilities


You were on level 6 of the Dungeon.
You visited 2 branches of the dungeon, and saw 7 of its levels.

You collected 480 gold pieces.
You spent 414 gold pieces at shops.

Inventory:

Hand Weapons
 j - a +2 long sword of protection (weapon)
 r - a +3 mace
Armour
 b - a +0 cloak (worn)
 d - an orb of light (worn)
 A - a +4 chain mail (worn)
Jewellery
 t - a ring of poison resistance (left hand)
 B - a +6 ring of strength (right hand)
Wands
 q - a wand of paralysis (10)
Scrolls
 a - 5 scrolls of identify {unknown}
 e - 3 scrolls of noise {unknown}
 i - 3 scrolls of immolation {unknown}
 m - a scroll of enchant weapon {unknown}
 n - 2 scrolls of teleportation {unknown}
 u - a scroll of blinking {unknown}
 x - a scroll of fear
Potions
 c - a potion of ambrosia
 f - a potion of mutation
 g - a potion of haste
 h - 4 potions of resistance
 k - a potion of invisibility
 l - 3 potions of attraction
 o - a potion of heal wounds {unknown}
 p - a potion of lignification {unknown}
 s - a potion of brilliance {unknown}
 v - 2 potions of might {unknown}
 w - 2 potions of enlightenment {unknown}
 z - 4 potions of curing


   Skills:
 + Level 5.4 Fighting
 * Level 7.3 Axes
 - Level 2.4 Dodging
 + Level 5.0 Spellcasting


You had 17 spell levels left.
You didn't know any spells.
Your spell library contained the following spells:

 Spells                   Type           Power      Damage    Failure   Level
 Hailstorm                Conj/Ice       2%         3d3       99%         3
 Summon Ice Beast         Ice/Summ       2%         N/A       100%        4
 Simulacrum               Ice/Necr       1%         N/A       100%        6


Dungeon Overview and Level Annotations

Branches:
Dungeon (6/15)             Temple (1/1) D:4

Altars:
Ashenzari
Cheibriados
Dithmenos
Elyvilon
Gozag
Kikubaaqudgha
Makhleb
Nemelex Xobeh
Okawaru
Ru
Uskayaw
Vehumet
Zin
Lugonu

Shops:
D:4 [   D:5 (**

Annotations:
D:2 1 runed translucent door, Crazy Yiuf
D:6 1 transporter, bdfhjk's ghost, novice OpCj


Innate Abilities, Weirdness & Mutations

You have razor-sharp teeth.
Your natural rate of healing is unusually fast.
When hurt, damage is shared between your health and your magic reserves.
Your bite disrupts and absorbs the magic of your enemies.
Potions cannot restore your health.
You have large cloven feet.
You are dopey. (Int -2)


Message History

There is a transporter here.
There is a transporter here.
You enter the transporter and appear at another place.
Bdfhjk's ghost wails, "They lied to you.
The Dungeon just goes down and down forever."
The ogre attacks as you move away! The ogre closely misses you.
You hit the ogre.
Your weapon exudes an aura of protection.
You kick the ogre. You bite the ogre. You drain its power.
The ogre is moderately wounded.
The ogre hits you with a +0 giant club.
You hit the ogre. You kick the ogre, but do no damage. You bite the ogre!
You drain its power.
You feel invigorated.
The ogre is almost dead.
The ogre hits you with a +0 giant club!
Aiming: Paralyse
Press: ? - help, Shift-Dir - straight line, f - ogre
Aim: an ogre, wielding the +9 great mace of Hypy {flame, Fly} (haloed, chance to affect: 49%)
The ogre resists with some effort.
The ogre hits you with a +0 giant club! The ogre misses you.
Aiming: Paralyse
Press: ? - help, Shift-Dir - straight line, f/p - ogre
Aim: an ogre, wielding the +9 great mace of Hypy {flame, Fly} (haloed, chance to affect: 49%)
The ogre resists with some effort.
The ogre hits you with the +9 great mace of Hypy {flame, Fly}.
The ogre burns you. The ogre barely misses you.
The ogre hits you with a +0 giant club.
Aiming: Paralyse
Press: ? - help, Shift-Dir - straight line, f/p - ogre
Aim: an ogre, wielding the +9 great mace of Hypy {flame, Fly} (haloed, chance to affect: 49%)
The ogre resists with some effort.
The ogre hits you with a +0 giant club!
* * * LOW HITPOINT WARNING * * *
Unknown command.
Okay, then.
As you read the scroll of butterflies, it crumbles to dust.
You hear the flapping of tiny wings.
Bdfhjk's ghost is knocked back by the sudden gust.
The ogre is knocked back by the sudden gust. x4
The ogre misses you.
The ogre hits you with the +9 great mace of Hypy {flame, Fly}!!
You die...

#.#..#.#........
#..##..#....#
#..##..#..#....#
#b#..#=#©.## #.#
#b.OO.$#...#.#.#
#b#.W#(#©......# ...
#Ob##.b#..####.. ......
#bb##bb#.....#
.......##.#@O#.#..##.#
#####........#WOObbb#.....#
.............########..####
...........[....#.....##
...#####.......##.....#
...#...#..............#
##.................#.##
##.#........(..........
##..)....................


You could see 4 ogres and bdfhjk's ghost.

Vanquished Creatures
  The ghost of vilexx the Magician, an amateur DjHW of Gozag (D:5)
  A water moccasin (D:5)
  2 black bears
  3 ogres
  A phantom (D:6)
  A gnoll sergeant (D:4)
  A scorpion (D:4)
  A howler monkey (D:4)
  2 hounds
  A jelly (D:5)
  Terence (D:3)
  4 iguanas
  Robin (D:3)
  10 adders
  A white imp (D:5)
  2 ufetubi
  5 dart slugs
  9 orcs
  3 endoplasms (D:1)
  6 giant cockroaches
  15 goblins
  17 hobgoblins
  3 jackals (D:3)
  7 quokkas
  5 ball pythons
  6 bats
  3 frilled lizards
  9 kobolds
  3 rats
124 creatures vanquished.

Notes
Turn   | Place    | Note
-------+----------+-------------------------------------------
     0 | D:1      | Ethylacetat the Vine Stalker Monk began the quest for the
                  | Orb.
     0 | D:1      | Reached XP level 1. HP: 11/11 MP: 2/2
   156 | D:1      | Reached XP level 2. HP: 16/16 MP: 3/3
   157 | D:1      | Reached skill level 3 in Axes
   450 | D:1      | Reached skill level 1 in Spellcasting
   614 | D:1      | Reached XP level 3. HP: 19/20 MP: 5/5
   918 | D:2      | Gained mutation: Your natural rate of healing is unusually
                  | fast. [Vine Stalker growth]
   918 | D:2      | Reached XP level 4. HP: 22/24 MP: 5/7
  1114 | D:2      | Found a runed translucent door.
  1115 | D:2      | Noticed Crazy Yiuf
  1544 | D:3      | Noticed Robin
  1560 | D:3      | Killed Robin
  1561 | D:3      | Reached skill level 4 in Axes
  1659 | D:3      | Reached XP level 5. HP: 28/28 MP: 8/8
  1983 | D:3      | Noticed Terence
  1989 | D:3      | Killed Terence
  2370 | D:4      | Found a radiant altar of Vehumet.
  2406 | D:4      | Found Revy's Armour Boutique.
  2578 | D:4      | Noticed a black bear
  2579 | D:4      | Noticed an ogre
  2583 | D:4      | Gained mutation: You are dopey. (Int -2) [potion of
                  | mutation]
  2583 | D:4      | Gained mutation: You have large cloven feet. [potion of
                  | mutation]
  2595 | D:4      | Found a staircase to the Ecumenical Temple.
  2614 | D:4      | Reached XP level 6. HP: 17/33 MP: 5/10
  2628 | D:4      | Reached skill level 5 in Axes
  2641 | D:4      | Killed a black bear
  2642 | D:4      | Reached XP level 7. HP: 29/37 MP: 9/12
  2673 | Temple   | Entered the Ecumenical Temple
  2980 | D:5      | Entered Level 5 of the Dungeon
  3067 | D:5      | Reached skill level 6 in Axes
  3122 | D:5      | Found Ecaklisy's General Store.
  3127 | D:5      | Bought a scroll of fear for 56 gold pieces
  3127 | D:5      | Bought a potion of curing for 42 gold pieces
  3127 | D:5      | Bought a scroll of butterflies for 56 gold pieces
  3127 | D:5      | Bought a potion of attraction for 42 gold pieces
  3204 | D:5      | Found an ancient bone altar of Kikubaaqudgha.
  3223 | D:5      | Gained mutation: You have razor-sharp teeth. [Vine Stalker
                  | growth]
  3223 | D:5      | Reached XP level 8. HP: 41/42 MP: 12/15
  3448 | D:5      | Found Diekyjuve's Assorted Antiques.
  3456 | D:5      | Bought an amethyst potion for 18 gold pieces
  3456 | D:5      | Bought a small marble ring for 100 gold pieces
  3456 | D:5      | Bought a peridot ring for 100 gold pieces
  3477 | D:5      | Found a hide-covered altar of Uskayaw.
  3479 | D:5      | Found Uraedok's Weapon Shoppe.
  3527 | D:5      | Found an opulent altar of Gozag.
  3529 | D:5      | Found a burning altar of Makhleb.
  3593 | D:5      | Found a runed translucent door.
  3593 | D:5      | Noticed vilexx's ghost (amateur DjHW)
  3611 | D:5      | Killed vilexx's ghost
  3612 | D:5      | Reached skill level 5 in Fighting
  3612 | D:5      | Reached skill level 7 in Axes
  4082 | D:6      | Found a shadowy altar of Dithmenos.
  4111 | D:6      | Reached skill level 5 in Spellcasting
  4126 | D:6      | Found a transporter.
  4126 | D:6      | Noticed bdfhjk's ghost (novice OpCj)
  4127 | D:6      | Found a transporter.
  4127 | D:6      | Identified the +9 great mace of Hypy {flame, Fly}
  4154 | D:6      | Slain by an ogre

Illustrated notes

Levels and vault maps discovered:
D:1:      eino_arrival_cavern_e, layout_rooms
D:2:      layout_loops_ring, guppyfry_early_orc_mine, uniq_crazy_yiuf_cottage
D:3:      layout_loops_corners, uniq_terence, uniq_robin
D:4:      layout_rooms, mainiacjoe_overflow_tiny_flanked, temple_pool_b,
          serial_shops, nicolae_shop_waterfront, minmay_three_crescents
D:5:      layout_layer_cave, nicolae_overflow_hidden_temple,
          amcnicky_altar_gilded, hellmonk_ghost_happy_afterlife, serial_shops,
          nicolae_shop_bloodbath_and_beyond, nicolae_shop_getting_attention,
          shop, minmay_quadrilaterals
D:6:      layout_basic, nicolae_dithmenos_the_darkroom, gammafunk_ghost_smash
Temple:   corrupted_temple

Skill      XL: |  1  2  3  4  5  6  7  8 |
---------------+-------------------------+-----
Axes           | 3 4 5 6 7 |  7.3
Spellcasting   | 1 2 3 4 5 |  5.0
Fighting       | 3 4 5 |  5.4
Dodging        | |  2.4

Action                     |  1- 3 |  4- 6 |  7- 9 || total
---------------------------+-------+-------+-------++-------
  Melee: Hand axe          |    70 |       |       ||    70
         Bite              |    19 |    31 |    34 ||    84
         Long sword        |     5 |    79 |     2 ||    86
         Mace              |       |    51 |    78 ||   129
         Kick              |       |     7 |    38 ||    45
  Evoke: Wand              |       |     2 |     3 ||     5
    Use: Potion            |       |     4 |       ||     4
         Scroll            |       |       |     1 ||     1
   Stab: Paralysed         |       |     3 |       ||     3
 Armour: Robe              |    13 |    32 |       ||    45
         Scale mail        |       |    25 |    23 ||    48
         Chain mail        |       |       |    10 ||    10
  Dodge: Dodged            |    41 |   102 |    35 ||   178

Table legend: (Time is in decaauts)
 A = Elapsed time spent in this place.
 B = Non-inter-level travel time spent in this place.
 C = Inter-level travel time spent in this place.
 D = Time resting spent in this place.
 E = Time spent auto-exploring this place.
 F = Levels seen in this place.
 G = Mean time per level.
                   A        B        C        D        E       F      G
               +--------+--------+--------+--------+--------+-----+--------+
         Total |   4207 |   4007 |    200 |      0 |   3198 |   7 |  601.0 |
       Dungeon |   4206 |   4006 |    200 |      0 |   3198 |   6 |  701.0 |
        Temple |      1 |      1 |      0 |      0 |      0 |   1 |    1.0 |
               +--------+--------+--------+--------+--------+-----+--------+

Top non-repeatable levels by time:
     D:5: 1081 daAuts
     D:2: 855 daAuts
     D:3: 816 daAuts
     D:4: 708 daAuts
     D:1: 641 daAuts
     D:6: 102 daAuts
  Temple: 1 daAuts
